 Dungeon Crawl Stone Soup version 0.27.1-4-g1640c2035a (webtiles) character file.

Game seed: 4604315446682390326

22594 MisterFreud the Basher (level 12, -3/108 HPs)
             Began as a Minotaur Abyssal Knight on Nov 4, 2021.
             Was a High Priest of Lugonu.
             Slain by a cane toad (20 damage)
             ... on level 3 of the Lair of Beasts.
             The game lasted 00:22:33 (22081 turns).

MisterFreud the Basher (Minotaur Abyssal Knight)   Turns: 22081, Time: 00:22:34

Health: -3/108     AC: 12    Str: 20    XL:     12   Next: 64%
Magic:  18/18      EV: 11    Int: 15    God:    Lugonu [*****.]
Gold:   576        SH:  5    Dex: 12    Spells: 11/11 levels left

rFire    . . .     SeeInvis .   l - +2 whip (venom)
rCold    . . .     Faith    .   (no shield)
rNeg     . . .     Spirit   .   d - +0 ring mail
rPois    +         Reflect  +   R - +2 hat
rElec    .         Harm     .   (no cloak)
rCorr    .         Rampage  .   C - +0 pair of gloves
Will     .....                  F - +0 pair of boots
Stlth    +.........             S - amulet of reflection
HPRegen  0.28/turn              I - ring of poison resistance
MPRegen  0.16/turn              P - +6 ring of intelligence

@: marked
A: horns 2, retaliatory headbutt
a: Renounce Religion, Depart the Abyss, Bend Space, Banish, Corrupt, Enter the
Abyss


You were on level 3 of the Lair of Beasts.
You worshipped Lugonu.
Lugonu was extremely pleased with you.
You visited 2 branches of the dungeon, and saw 14 of its levels.
You visited the Abyss 1 time.
You also visited: Ossuary.

You collected 751 gold pieces.
You spent 175 gold pieces at shops.

Inventory:

Hand Weapons
 l - a +2 whip of venom (weapon)
 q - a +2 whip of holy wrath
 u - a +4 whip
Missiles
 p - 2 throwing nets
 J - 7 curare-tipped darts
 K - 7 boomerangs (quivered)
 L - 25 poisoned darts
 O - 8 javelins
Armour
 d - a +0 ring mail (worn)
 C - a +0 pair of gloves (worn)
 F - a +0 pair of boots (worn)
 R - a +2 hat (worn)
Jewellery
 r - an amulet of magic regeneration
 I - a ring of poison resistance (left hand)
 P - a +6 ring of intelligence (right hand)
 S - an amulet of reflection (around neck)
Wands
 a - a wand of iceblast (8)
 s - a wand of digging (4)
 G - a wand of charming (3)
 M - a wand of flame (22)
 T - a wand of acid (16)
Scrolls
 b - 3 scrolls of noise
 c - 2 scrolls of fog
 h - a scroll of blinking
 i - 2 scrolls of fear
 j - 2 scrolls of amnesia
 o - 3 scrolls of vulnerability
 t - 10 scrolls of teleportation
 v - a scroll of silence
 w - a scroll of brand weapon
 x - a scroll of holy word
 y - a scroll of immolation
 A - 2 scrolls of magic mapping
 D - 4 scrolls of enchant armour
 H - a scroll of enchant weapon
Potions
 e - 8 potions of curing
 f - 3 potions of degeneration
 g - 5 potions of haste
 k - 2 potions of magic
 m - 4 potions of heal wounds
 z - a potion of flight
 B - 2 potions of attraction
 E - a potion of resistance
 Q - a potion of berserk rage
 V - a potion of lignification {unknown}
Miscellaneous
 n - a phantom mirror (inert)
 U - a lightning rod (4/4)


   Skills:
 + Level 10.8 Fighting
 - Level 2.4 Long Blades
 - Level 14.0 Maces & Flails
 - Level 6.0 Throwing
 - Level 10.0 Armour
 - Level 1.1 Dodging
 - Level 10.0 Invocations
 - Level 6.0 Evocations


You had 11 spell levels left.
You didn't know any spells.
Your spell library contained the following spells:

 Spells                   Type           Power      Damage    Failure   Level
 Beastly Appendage        Tmut           0%         N/A       38%         1
 Shock                    Conj/Air       0%         1d3       38%         1
 Blink                    Tloc           N/A        N/A       52%         2
 Wereblood                Tmut           0%         N/A       52%         2
 Gell's Gravitas          Tloc           0%         N/A       77%         3
 Lesser Beckoning         Tloc           0%         N/A       77%         3
 Spider Form              Tmut/Pois      0%         N/A       77%         3
 Swiftness                Air            0%         N/A       77%         3
 Teleport Other           Tloc           0%         N/A       77%         3
 Airstrike                Air            0%         N/A       99%         4
 Manifold Assault         Tloc           0%         N/A       100%        5


Dungeon Overview and Level Annotations

Branches:
Dungeon (10/15)            Temple (0/1) D:4            Lair (4/6) D:9
  Swamp (0/4) Lair:3          Orc (0/2) D:10        Ossuary (visited)
  Snake: Lair:2-4    Spider: Lair:2-4

Altars:
Dithmenos
Ru
Beogh

Shops:
D:4 ?   D:7 [*(

Annotations:
Lair:1 2 transporters, PanSaczeczos's ghost, journeyman MiGl
Lair:3 exclusion: 3 oklob plants


Innate Abilities, Weirdness & Mutations

You have a pair of horns on your head.
You reflexively headbutt those who attack you in melee.


Message History

The plant begins to die.
The cane toad barely misses you.
The komodo dragon hisses menacingly.
The four-headed hydra is engulfed in calcifying dust.
The four-headed hydra is moving more slowly.
The four-headed hydra roars!
There is a stone staircase leading up here.
Unknown command.
You feel very sick.
The plant is engulfed in calcifying dust.
The blink frog is engulfed in calcifying dust.
The blink frog is moving more slowly.
The blink frog barely misses you. You furiously retaliate!
You headbutt the blink frog! The cane toad stings you.
The blink frog hits you but does no damage.
The komodo dragon is engulfed in calcifying dust.
The komodo dragon is moving more slowly.
The komodo dragon bites you. The cane toad stings you!
* * * LOW HITPOINT WARNING * * *
The blink frog is engulfed in calcifying dust.
The blink frog stops moving altogether!
The bullfrog is engulfed in calcifying dust.
The bullfrog is moving more slowly.
You climb upwards.
Level annotation: exclusion: 3 oklob plants You feel very sick.
There is a stone staircase leading down here.
Unknown command.
Unknown command.
Unknown command.
Unknown command.
Unknown command.
Unknown command.
You feel sick. The cane toad stings you!
* * * LOW HITPOINT WARNING * * *
The blink frog blinks!
The cane toad stings you.
* * * LOW HITPOINT WARNING * * *
You block the cane toad's attack.
You feel sick.
You feel better. The cane toad closely misses you.
The blink frog barely misses you. The cane toad stings you!!
You die...

#..#####....#####.###..####
#...# ##.### ### #### #
#...# ### # #..## ### ####
##..# #####.#####.P# ###
#.#######.##.##.#....###P.
#.........................
##......>F.F...............
#..#.###.F@##.P.#####.#.##.
#..### ####.###P# #######
##.## ### ### ###..# ###
#...#### #########.#####
###.##.#######.#P#.##.#.##.#
#..........................
#.....P.##..#.##...##...###
##..#.###.###########P### #


You could see 2 cane toads and a blink frog.

Vanquished Creatures
  Gastronok (Lair:3)
  3 two-headed ogres
  A lindwurm (Lair:2)
  A bog body (Lair:3)
  A black mamba (Lair:3)
  2 centaur zombies
  A torpor snail (Lair:1)
  3 cane toads
  Maggie (D:8)
  A kobold demonologist (D:9)
  5 komodo dragons
  A hornet (D:10)
  A polar bear (Lair:1)
  4 blink frogs (Lair:3)
  A shadow (D:9)
  2 basilisks (Lair:2)
  A wraith (D:7)
  19 yaks
  4 wyverns
  Grum (D:8)
  Menkaure (D:4)
  Edmund (D:4)
  A floating eye (Lair:3)
  7 water moccasins
  An ice beast (D:6)
  2 black bears
  An orc warrior (D:8)
  2 sky beasts
  A necrophage (D:6)
  4 ogres
  3 wolves (D:8)
  A centaur (D:8)
  2 kobold brigands
  16 bullfrogs
  3 scorpions
  2 howler monkeys
  11 wights
  A hound (D:6)
  2 jellies
  A gnoll shaman (D:5)
  8 orc priests
  A bullfrog skeleton (D:7)
  2 iguanas
  7 orc wizards
  A killer bee zombie (D:8)
  2 hound skeletons
  5 mummies
  A howler monkey zombie (D:6)
  8 gnolls
  8 adders
  A shadow imp (D:8)
  2 white imps (D:7)
  2 ufetubi
  An adder skeleton (D:4)
  5 worms
  2 dart slugs
  22 orcs
  9 endoplasms
  5 giant cockroaches
  3 gnoll zombies (Ossuary)
  10 goblins
  8 hobgoblins
  6 quokkas
  4 ball pythons
  10 bats
  8 frilled lizards
  6 gnoll skeletons (Ossuary)
  3 goblin skeletons (Ossuary)
  5 goblin zombies (Ossuary)
  4 hobgoblin skeletons (Ossuary)
  2 hobgoblin zombies (Ossuary)
  18 kobolds
  5 kobold skeletons (Ossuary)
  5 kobold zombies (Ossuary)
  4 orc skeletons (Ossuary)
  6 orc zombies (Ossuary)
  4 rats
  3 rat skeletons (Ossuary)
  4 rat zombies (Ossuary)
327 creatures vanquished.

Vanquished Creatures (others)
  A wyvern (D:9)
  6 fungi (Lair:3)
  17 plants
24 creatures vanquished.

Grand Total: 351 creatures vanquished

Notes
Turn   | Place    | Note
-------+----------+-------------------------------------------
     0 | Abyss:1  | MisterFreud the Minotaur Abyssal Knight began the quest for
                  | the Orb.
     0 | Abyss:1  | Reached XP level 1. HP: 19/19 MP: 1/1
    28 | D:1      | Escaped the Abyss
   270 | D:1      | Reached XP level 2. HP: 28/28 MP: 2/2
   571 | D:1      | Reached ** piety under Lugonu
   572 | D:1      | Reached skill level 5 in Fighting
   956 | D:1      | Reached XP level 3. HP: 24/36 MP: 3/3
  1728 | D:2      | Found a faded altar of an unknown god.
  1862 | D:2      | Reached XP level 4. HP: 30/44 MP: 4/4
  3045 | D:3      | Reached XP level 5. HP: 24/51 MP: 5/5
  3247 | D:3      | Reached skill level 1 in Maces & Flails
  3496 | D:3      | Reached *** piety under Lugonu
  3690 | D:3      | Reached skill level 2 in Maces & Flails
  3770 | D:3      | Reached skill level 3 in Maces & Flails
  3777 | D:3      | Reached XP level 6. HP: 26/60 MP: 6/6
  4306 | D:4      | Found a staircase to the Ecumenical Temple.
  4498 | D:4      | Reached skill level 4 in Maces & Flails
  4793 | D:4      | Noticed Menkaure
  4799 | D:4      | Killed Menkaure
  4800 | D:4      | Reached skill level 5 in Maces & Flails
  4813 | D:4      | Noticed Edmund
  4823 | D:4      | Killed Edmund
  4824 | D:4      | Reached XP level 7. HP: 36/68 MP: 7/7
  4988 | D:4      | Reached skill level 6 in Maces & Flails
  5672 | D:4      | Reached skill level 7 in Maces & Flails
  5892 | D:4      | Reached skill level 8 in Maces & Flails
  5973 | D:4      | Found Oheot Toeps's Magic Scroll Shoppe.
  5980 | D:4      | Bought a scroll of teleportation for 42 gold pieces
  5980 | D:4      | Bought a scroll of blinking for 105 gold pieces
  5980 | D:4      | Bought a scroll of fog for 28 gold pieces
  6346 | D:5      | Entered Level 5 of the Dungeon
  6360 | D:5      | Reached XP level 8. HP: 53/74 MP: 8/8
  6555 | D:5      | Reached **** piety under Lugonu
  6861 | D:5      | Reached skill level 9 in Maces & Flails
  7183 | D:5      | Reached skill level 10 in Maces & Flails
  7213 | D:5      | Reached skill level 5 in Armour
  7773 | D:6      | Reached XP level 9. HP: 81/81 MP: 9/9
  8374 | D:6      | Noticed a two-headed ogre
  9051 | D:7      | Found a sand-covered staircase.
  9061 | Ossuary  | Entered an ossuary
  9257 | Ossuary  | Reached ***** piety under Lugonu
  9263 | Ossuary  | Reached skill level 11 in Maces & Flails
  9478 | D:7      | Found Isiaceypt's Weapon Shoppe.
  9918 | D:7      | Found Jaf Vusk's Assorted Antiques.
  9978 | D:7      | Found Poiblivom's Antique Armour Boutique.
 10194 | D:8      | Found a shadowy altar of Dithmenos.
 10685 | D:8      | Reached skill level 5 in Invocations
 11002 | D:8      | Noticed Maggie
 11021 | D:8      | Killed Maggie
 11022 | D:8      | Reached XP level 10. HP: 42/88 MP: 11/13
 11260 | D:8      | Noticed Grum
 11277 | D:8      | Killed Grum
 12027 | D:8      | Noticed a two-headed ogre
 12050 | D:8      | Killed a two-headed ogre
 12659 | D:6      | Killed a two-headed ogre
 12660 | D:6      | Reached skill level 12 in Maces & Flails
 13301 | D:9      | Reached skill level 10 in Armour
 13311 | D:9      | HP: 3/88 [wyvern (8)]
 13332 | D:10     | Entered Level 10 of the Dungeon
 14359 | D:10     | Noticed a swamp dragon
 14360 | D:10     | Banished a swamp dragon
 14361 | D:10     | Reached XP level 11. HP: 93/94 MP: 11/16
 14404 | D:10     | Found a staircase to the Orcish Mines.
 14417 | D:10     | Noticed an orc knight
 14648 | D:9      | Noticed a two-headed ogre
 14665 | D:9      | Killed a two-headed ogre
 14818 | D:9      | Found a staircase to the Lair.
 15295 | Lair:1   | Entered Level 1 of the Lair of Beasts
 15482 | Lair:1   | Reached skill level 13 in Maces & Flails
 15608 | Lair:1   | Noticed a seven-headed hydra
 15612 | Lair:1   | Banished a seven-headed hydra
 15613 | Lair:1   | Reached skill level 10 in Invocations
 15773 | Lair:1   | Found a transporter.
 15773 | Lair:1   | Found a transporter.
 16313 | Lair:1   | Reached skill level 14 in Maces & Flails
 16656 | Lair:1   | Noticed an eight-headed hydra
 16658 | Lair:1   | Banished an eight-headed hydra
 16659 | Lair:1   | Reached skill level 1 in Throwing
 16659 | Lair:1   | Reached skill level 1 in Evocations
 16722 | Lair:1   | Noticed PanSaczeczos's ghost (journeyman MiGl)
 17099 | Lair:2   | Found a sacrificial altar of Ru.
 18020 | Lair:2   | Noticed a five-headed hydra
 18027 | Lair:2   | Banished a five-headed hydra
 18028 | Lair:2   | Reached XP level 12. HP: 70/101 MP: 13/18
 18727 | Lair:2   | Reached skill level 5 in Throwing
 19327 | Lair:3   | Noticed Gastronok
 19354 | Lair:3   | Killed Gastronok
 19355 | Lair:3   | Reached skill level 5 in Evocations
 20633 | Lair:3   | Found a staircase to the Swamp.
 20883 | Lair:3   | Paralysed by a floating eye for 3 turns
 20888 | Lair:3   | Paralysed by a floating eye for 2 turns
 21717 | Lair:3   | Reached skill level 10 in Fighting
 21718 | Lair:3   | Noticed a fire dragon
 21721 | Lair:3   | Banished a fire dragon
 21998 | Lair:4   | Noticed a catoblepas
 22068 | Lair:4   | Noticed a four-headed hydra
 22081 | Lair:3   | Slain by a cane toad

Illustrated notes

Levels and vault maps discovered:
D:1:      dpeg_arrival_tiny_i, layout_loops_ring
D:2:      kennysheep_big_flooded_room, layout_basic,
          chequers_ecumenical_altar_simple_redux
D:3:      layout_loops_corners, minmay_box_of_dots
D:4:      minmay_chambers_of_threes, layout_loops_corners,
          minmay_temple_entry_stoned_glass, serial_shops, nicolae_square_shop,
          serial_rivers, chequers_serial_rivers_micro_d,
          chequers_serial_rivers_large_a, chequers_serial_rivers_small_3,
          chequers_serial_rivers_small_3, chequers_serial_rivers_micro_e,
          uniq_edmund, uniq_menkaure
D:5:      layout_rooms, serial_park_tiny_1, amcnicky_mini_rare_corridor_liquid,
          st_stairs_6, grunt_ministairs_15, minmay_liquid_box
D:6:      layout_cave_pools, minmay_small_thing
D:7:      layout_basic, gup_ossuary_entry_pyramid, serial_shops,
          kennysheep_mini_moat, nicolae_square_shop, shop, serial_bayou_crossing
D:8:      layout_loops_cross, grunt_dithmenos_smoke, hex_tiny, corner_web_ring,
          serial_park_tiny_2, uniq_maggie, uniq_grum
D:9:      layout_loops_ring, lair_entry_dummy, minmay_misc_feat_doors,
          mrwooster_statue_mirror
D:10:     layout_basic, david_orc_5, special_room [special_room_orc],
          kennysheep_just_a_vault
Lair:1:   layout_regular_city, gammafunk_ghost_hive, grunt_megastairs_1,
          infiniplex_staircase_pool, serial_bayou_shore_b, lemuel_fruit_tree
Lair:2:   layout_gridlike, basic_altar, nicolae_volcano_entry_vermiform,
          guppyfry_lair_drakes
Lair:3:   dragon1_lemuel, layout_long_grid, skrybe_swamp_entry_bodies,
          disabler_island, uniq_gastronok
Lair:4:   layout_gridlike, spider_nest_entry_funnel_web,
          infiniplex_staircase_pool_2

Skill      XL: |  1  2  3  4  5  6  7  8  9 10 11 12 |
---------------+-------------------------------------+-----
Fighting       | 4 5 6 7 8 10 | 10.8
Maces & Flails | 3 5 8 10 11 12 14 | 14.0
Armour         | 6 8 10 | 10.0
Invocations    | 5 8 10 | 10.0
Throwing       | 4 6 |  6.0
Evocations     | 4 6 |  6.0
Long Blades    | |  2.4
Dodging        | |  1.1

Action                   |  1- 3 |  4- 6 |  7- 9 | 10-12 || total
-------------------------+-------+-------+-------+-------++-------
Melee: Falchion          |    92 |    62 |       |       ||   154
       Headbutt          |    12 |    19 |    98 |   130 ||   259
       Whip              |       |    83 |   468 |   595 ||  1146
Throw: Boomerang         |       |       |       |    11 ||    11
Invok: Banish            |       |       |       |    11 ||    11
Evoke: Wand              |       |       |       |     5 ||     5
       Phantom mirror    |       |       |       |     1 ||     1
  Use: Scroll            |       |       |    10 |    12 ||    22
       Potion            |       |       |     1 |     3 ||     4
Armor: Leather armour    |     4 |       |       |       ||     4
       Ring mail         |    30 |    48 |   108 |   124 ||   310
Dodge: Dodged            |    52 |    67 |   149 |   174 ||   442
Block: Other             |       |       |       |    10 ||    10
       Rpst.: Falchion   |    17 |     9 |       |       ||    26
